 Dungeon Crawl Stone Soup version 0.22-a0-117-g314b907 (webtiles) character file.

7224 medis the Cleaver (level 10, -7/94 HPs)
             Began as a Minotaur Berserker on Jan 29, 2018.
             Was a High Priest of Trog.
             Mangled by a warg (9 damage)
             ... on level 10 of the Dungeon.
             The game lasted 00:10:23 (7065 turns).

medis the Cleaver (Minotaur Berserker)              Turns: 7065, Time: 00:10:24

Health: -7/94      AC: 21    Str: 31    XL:     10   Next: 88%
Magic:  9/9        EV:  9    Int:  9    God:    Trog [*****.]
Gold:   521        SH:  0    Dex:  9    Spells: 9/9 levels left

rFire    . . .     SeeInvis .   x - +4 hand axe
rCold    . . .     Gourm    .   (no shield)
rNeg     . . .     Faith    .   E - +0 plate armour
rPois    .         Spirit   .   (helmet restricted)
rElec    .         Reflect  .   h - +0 cloak
rCorr    .         Harm     .   K - +0 pair of gloves
MR       .....                  v - +2 pair of boots {run}
Stlth    ..........             (no amulet)
HPRegen  0.25/turn              (no ring)
MPRegen  0.11/turn              (no ring)

@: mighty, brilliant, lethally poisoned (-7 -> -25), berserk cooldown, flying,
very slightly contaminated, slowed, invisible, very slow
A: retaliatory headbutt, horns 2
a: Berserk, Trog's Hand, Brothers in Arms, Burn Spellbooks, Renounce Religion


You were on level 10 of the Dungeon.
You worshipped Trog.
Trog was extremely pleased with you.
You were very hungry.

You visited 1 branch of the dungeon, and saw 10 of its levels.

You collected 563 gold pieces.
You spent 42 gold pieces at shops.

Inventory:

Hand Weapons
 x - a +4 hand axe (weapon)
 H - a +0 dire flail of venom
Armour
 h - a +0 cloak (worn)
 v - a +2 pair of boots of running (worn)
 E - a +0 plate armour (worn)
 K - a +0 pair of gloves (worn)
Jewellery
 a - a +4 ring of intelligence
 B - an uncursed amulet of regeneration
 G - an uncursed ring of ice
Wands
 z - a wand of acid (5)
 A - a wand of iceblast (9)
Scrolls
 b - 10 scrolls of identify
 e - 9 scrolls of teleportation
 g - 4 scrolls of immolation
 q - 3 scrolls of fog
 u - a scroll of magic mapping
 w - a scroll of enchant armour
 y - a scroll of enchant weapon
 D - 2 scrolls of remove curse
 F - a scroll of noise
 I - a scroll of amnesia {unknown}
 M - a scroll of fear {unknown}
Potions
 c - 3 potions of invisibility
 d - 2 potions of brilliance
 i - 2 potions of flight
 k - 2 potions of berserk rage {unknown}
 l - 2 potions of haste {unknown}
 m - a potion of might
 n - 2 potions of mutation {unknown}
 o - 3 potions of agility {unknown}
 r - 2 potions of curing {unknown}
 s - 2 potions of degeneration {unknown}
 t - a potion of resistance {unknown}
 C - a potion of magic {unknown}
 N - a potion of heal wounds {unknown}
Books
 j - a book of Conjurations

   Spells                             Type                      Level
   a - Magic Dart                     Conjuration                  1
   b - Searing Ray                    Conjuration                  2
   c - Dazzling Spray                 Conjuration/Hexes            3
   d - Fulminant Prism                Conjuration/Hexes            4
   e - Force Lance                    Conjuration/Translocation    4
   f - Iskenderun's Mystic Blast      Conjuration                  4
   Trog disapproves of the use of such an item.
 p - a book of Transfigurations

   Spells                             Type                      Level
   a - Irradiate                      Conjuration/Transmutation    5
   b - Statue Form                    Transmutation/Earth          6
   c - Hydra Form                     Transmutation                6
   d - Dragon Form                    Transmutation                7
   Trog disapproves of the use of such an item.
 J - a book of Beasts

   Spells                             Type                      Level
   a - Summon Butterflies             Summoning                    1
   b - Call Canine Familiar           Summoning                    3
   c - Summon Ice Beast               Ice/Summoning                4
   d - Summon Mana Viper              Hexes/Summoning              5
   e - Summon Hydra                   Summoning                    7
   Trog disapproves of the use of such an item.
Comestibles
 f - 22 rations


   Skills:
 + Level 10.6 Fighting
 * Level 13.8 Axes
 + Level 10.3 Armour
 - Level 3.0 Dodging


You had 9 spell levels left.
You didn't know any spells.

Dungeon Overview and Level Annotations

Branches:
Dungeon (10/15)            Temple (0/1) D:4             Orc (0/2) D:10
   Lair: D:8-11

Altars:
Hepliaklqana
Nemelex Xobeh
Okawaru
Qazlal
Ru
Uskayaw
Yredelemnul
Zin
The Shining One

Shops:
D:9 ?

Annotations:
D:10 Sonja


Innate Abilities, Weirdness & Mutations

You reflexively headbutt those who attack you in melee.
You have a pair of horns on your head.


Message History

The centaur shoots an arrow.
The arrow hits the warg!
The warg bites you but does no damage. The bullfrog zombie closely misses you.
You furiously retaliate!
You headbutt the bullfrog zombie! The warg closely misses you.
The warg barely misses you. You furiously retaliate!
You headbutt the warg, but do no damage.
The warg barely misses you.
The centaur shoots an arrow.
The arrow closely misses the warg.
The arrow hits you but does no damage. The bullfrog zombie barely misses you.
The warg bites you but does no damage.
You're still recovering from your berserk rage.
It was a potion of might.
You feel very mighty all of a sudden.
* * * LOW HITPOINT WARNING * * *
You feel very sick. The warg bites you!
* * * LOW HITPOINT WARNING * * *
The centaur shoots an arrow.
The arrow hits the warg!
The warg dies!
The bullfrog zombie barely misses you. The warg bites you!
You die...

#..# #.
.#######.#..
#..# #.
...........
#..# #.
........>..
#..# #.
#........ #..
#. #......c# ..
#......(# ##
#.....h(#
#....)h@#
#......Z.......
#..............
#..............
#..............
#......?....###
#...#####...#
#... ..##


You could see 2 wargs, a centaur and a bullfrog zombie.

Vanquished Creatures
  The ghost of ThereIsNoGod the Geomancer, a journeyman FoEE of Makhleb (D:9)
  2 two-headed ogres
  A cyclops (D:7)
  Psyche (D:8)
  A hippogriff (D:8)
  A yak (D:7)
  A wyvern (D:8)
  3 hogs (D:7)
  A human (D:7)
  A water moccasin (D:8)
  3 ice beasts
  A phantom (D:8)
  2 black bears
  3 ogres
  3 orc warriors
  3 centaurs
  3 bullfrogs
  A wyvern skeleton (D:6)
  3 scorpions
  6 killer bees (D:8)
  A howler monkey (D:5)
  3 crimson imps
  A jelly (D:6)
  A quasit (D:8)
  A bullfrog zombie (D:9)
  4 orc wizards
  An orc priest (D:9)
  3 hounds
  3 bullfrog skeletons
  3 iguanas
  7 worker ants
  A hound zombie (D:8)
  A hound skeleton (D:5)
  A howler monkey skeleton (D:4)
  11 adders
  3 shadow imps
  6 oozes
  An adder skeleton (D:8)
  3 worms
  3 dart slugs
  4 leopard geckos
  13 orcs
  A ball python (D:1)
  9 bats
  9 giant cockroaches
  8 goblins
  10 hobgoblins
  23 jackals
  2 quokkas
  6 frilled lizards
  A giant cockroach zombie (D:5)
  5 kobolds
  A leopard gecko skeleton (D:4)
  6 rats
197 creatures vanquished.

Vanquished Creatures (others)
  A warg (D:10)
1 creature vanquished.

Grand Total: 198 creatures vanquished

Notes
Turn   | Place    | Note
-------+----------+-------------------------------------------
     0 | D:1      | medis the Minotaur Berserker began the quest for the Orb.
     0 | D:1      | Reached XP level 1. HP: 19/19 MP: 0/0
    50 | D:1      | Reached XP level 2. HP: 27/27 MP: 1/1
   280 | D:1      | Reached skill level 4 in Axes
   283 | D:1      | Reached XP level 3. HP: 33/33 MP: 2/2
   374 | D:1      | Reached ** piety under Trog
   697 | D:2      | Reached XP level 4. HP: 40/40 MP: 3/3
   889 | D:2      | Found a basalt altar of Yredelemnul.
  1263 | D:3      | Found a hazy altar of Hepliaklqana.
  1296 | D:3      | You fall through a shaft for 3 floors!
  1302 | D:6      | Reached *** piety under Trog
  1326 | D:5      | Entered Level 5 of the Dungeon
  1364 | D:5      | Reached skill level 5 in Axes
  1364 | D:5      | Reached XP level 5. HP: 42/47 MP: 4/4
  1371 | D:5      | Found a stormy altar of Qazlal.
  1374 | D:5      | Noticed an ice beast
  1384 | D:5      | Killed an ice beast
  1384 | D:5      | Reached skill level 5 in Fighting
  1386 | D:5      | Reached XP level 6. HP: 55/56 MP: 5/5
  1512 | D:4      | Found a staircase to the Ecumenical Temple.
  1537 | D:4      | Reached skill level 6 in Axes
  2593 | D:4      | Reached skill level 5 in Armour
  2593 | D:4      | Reached XP level 7. HP: 55/62 MP: 6/6
  2618 | D:4      | Reached skill level 7 in Axes
  2859 | D:4      | Reached **** piety under Trog
  2911 | D:4      | Found a glowing golden altar of the Shining One.
  3743 | D:6      | Reached skill level 8 in Axes
  3896 | D:6      | Reached XP level 8. HP: 61/71 MP: 7/7
  3910 | D:6      | Reached skill level 9 in Axes
  4254 | D:6      | Found a hide-covered altar of Uskayaw.
  4368 | D:6      | Reached skill level 10 in Axes
  4454 | D:7      | Identified a +2 pair of boots of running (You found it on level 7 of the Dungeon)
  4520 | D:7      | Found a sacrificial altar of Ru.
  4577 | D:7      | Noticed a cyclops
  4586 | D:7      | Killed a cyclops
  4586 | D:7      | Reached XP level 9. HP: 81/81 MP: 8/8
  5230 | D:7      | Reached skill level 11 in Axes
  5471 | D:8      | Reached ***** piety under Trog
  5486 | D:8      | Reached skill level 12 in Axes
  5506 | D:8      | Noticed a two-headed ogre
  5513 | D:8      | Killed a two-headed ogre
  5513 | D:8      | Reached XP level 10. HP: 91/91 MP: 9/9
  5713 | D:8      | Found an iron altar of Okawaru.
  5759 | D:8      | Found a glowing silver altar of Zin.
  5765 | D:8      | Found a sparkling altar of Nemelex Xobeh.
  5848 | D:8      | Noticed Psyche
  5962 | D:8      | Killed Psyche
  6289 | D:9      | Noticed ThereIsNoGod's ghost (journeyman FoEE)
  6349 | D:8      | Reached skill level 13 in Axes
  6377 | D:9      | Killed ThereIsNoGod's ghost
  6377 | D:9      | Reached skill level 10 in Fighting
  6377 | D:9      | Reached skill level 10 in Armour
  6429 | D:9      | Noticed a two-headed ogre
  6443 | D:9      | Killed a two-headed ogre
  6683 | D:9      | Found Ucsassar's Magic Scroll Emporium.
  6691 | D:9      | Bought a scroll of remove curse for 42 gold pieces
  7045 | D:10     | Entered Level 10 of the Dungeon
  7048 | D:10     | Noticed Sonja
  7060 | D:10     | Found a staircase to the Orcish Mines.
  7065 | D:10     | HP: 2/94 [warg (7)]
  7065 | D:10     | Mangled by a warg

Vault maps used:
D:1:      wheals_arrival_shading, st_stairs_10
D:2:      old_standard_altar
D:3:      nicolae_overflow_crystal_walls
D:4:      tso_altar, minmay_temple_entry_statues_fountains, corexii_corridor_pit
D:5:      first_ration, basic_altar
D:6:      old_standard_altar
D:7:      kennysheep_mini_moat, grunt_livestock, minmay_small_thing
D:8:      overflow_temple_1_default, amethyst_overflow_temple_binary,
          uniq_psyche
D:9:      serial_shops, shop
D:10:     minmay_orc_entry_guard_dogs, uniq_sonja

Skill      XL: |  1  2  3  4  5  6  7  8  9 10 |
---------------+-------------------------------+-----
Fighting       | 4 5 6 8 9 10 | 10.6
Axes           | 4 5 6 8 10 12 13 | 13.8
Armour         | 3 4 5 6 7 9 10 | 10.3
Dodging        | 3 |  3.0

Action                   |  1- 3 |  4- 6 |  7- 9 | 10-12 || total
-------------------------+-------+-------+-------+-------++-------
Melee: Hand axe          |    48 |   119 |    90 |    44 ||   301
       Headbutt          |    10 |    14 |    39 |    11 ||    74
       Battleaxe         |       |       |   107 |    38 ||   145
Invok: Berserk           |     2 |     1 |     5 |     6 ||    14
  Use: Scroll            |       |       |    10 |     2 ||    12
       Potion            |       |       |       |     5 ||     5
 Stab: Invisible         |       |       |       |     3 ||     3
  Eat: Chunk             |     1 |     7 |    13 |     3 ||    24
       Ration            |       |       |       |     2 ||     2
Armor: Animal skin       |    14 |       |       |       ||    14
       Ring mail         |     5 |    53 |    12 |       ||    70
       Chain mail        |       |       |    11 |       ||    11
       Plate armour      |       |       |    79 |    75 ||   154
Dodge: Dodged            |    54 |    76 |    96 |    74 ||   300

Table legend:
 A = Spawn XP
 B = Non-spawn XP
 C = Spawn XP percentage of total XP
 D = Spawn monster count
 E = Non-spawn monster count
 F = Spawn count percentage of total count
 G = Total turns spent on level
                    A         B        C        D         E        F      G
               +---------+---------+-------+---------+---------+-------+---------
         Total |       0 |   10321 |   0.0 |       0 |     197 |   0.0 |  7065
               +---------+---------+-------+---------+---------+-------+---------
           D:1 |       0 |      91 |   0.0 |       0 |      39 |   0.0 |   670
           D:2 |       0 |      29 |   0.0 |       0 |      15 |   0.0 |   550
           D:3 |       0 |     111 |   0.0 |       0 |      18 |   0.0 |  1018
           D:4 |       0 |     362 |   0.0 |       0 |      20 |   0.0 |   585
           D:5 |       0 |     569 |   0.0 |       0 |      19 |   0.0 |   880
           D:6 |       0 |    1341 |   0.0 |       0 |      34 |   0.0 |   723
           D:7 |       0 |    2081 |   0.0 |       0 |      17 |   0.0 |   917
           D:8 |       0 |    3081 |   0.0 |       0 |      22 |   0.0 |   901
           D:9 |       0 |    2656 |   0.0 |       0 |      13 |   0.0 |   801
               +---------+---------+-------+---------+---------+-------+---------
